 Dungeon Crawl Stone Soup version 0.28-a0-390-gb254ac4902 (webtiles) character file.

Game seed: 14378992862922048018

1717 dracfodder the Basher (level 9, -3/81 HPs)
             Began as a Gargoyle Berserker on Sept 3, 2021.
             Was a Priest of Trog.
             Slain by a four-headed hydra (7 damage)
             ... on level 6 of the Dungeon.
             The game lasted 00:18:08 (7215 turns).

dracfodder the Basher (Gargoyle Berserker)          Turns: 7215, Time: 00:18:09

Health: -3/81      AC: 14    Str: 24    XL:     9   Next: 4%
Magic:  9/9        EV: 12    Int:  8    God:    Trog [***...]
Gold:   258        SH:  0    Dex: 15    Spells: 8/8 levels left

rFire   . . .      SeeInvis +   a - +0 mace (spect)
rCold   . . .      Faith    .   (no shield)
rNeg    + . .      Spirit   .   j - +1 ring mail
rPois   ∞          Reflect  .   (no helmet)
rElec   +          Harm     .   (no cloak)
rCorr   .          Rampage  .   (no gloves)
Will    ++...                   q - +0 pair of boots
Stlth   ..........              i - amulet of the acrobat
HPRegen 1.23/turn               n - +6 ring of dexterity
MPRegen 0.11/turn               (no ring)

@: berserking, strong-willed, regenerating, very quick
A: sickness immunity, AC +6, negative energy resistance 1, electricity
resistance, torment resistance 1, petrification resistance, see invisible,
screaming 1
a: Renounce Religion, Berserk, Trog's Hand


You were on level 6 of the Dungeon.
You worshipped Trog.
Trog was most pleased with you.
You visited 2 branches of the dungeon, and saw 8 of its levels.

You collected 258 gold pieces.

Inventory:

Hand Weapons
 a - a +0 spectral mace (weapon)
 b - a +1 hunting sling
Missiles
 c - 154 arrows
 d - 4 atropa-tipped darts
 f - 198 stones
 g - 39 sling bullets
 h - 10 boomerangs (quivered)
 r - 32 poisoned darts
Armour
 j - a +1 ring mail (worn)
 q - a +0 pair of boots (worn)
Jewellery
 i - an amulet of the acrobat (around neck)
 n - a +6 ring of dexterity (left hand)
Wands
 u - a wand of flame (16)
Scrolls
 m - a scroll of magic mapping
Potions
 e - a potion of lignification
 k - a potion of attraction {unknown}
 l - a potion of haste
 o - 3 potions of curing
 p - 2 potions of brilliance {unknown}
 s - 2 potions of degeneration {unknown}
 t - a potion of flight {unknown}


   Skills:
 + Level 5.3 Fighting
 * Level 8.5 Maces & Flails
 + Level 1.5 Throwing
 + Level 5.6 Armour
 + Level 3.6 Dodging
 + Level 2.1 Stealth


You had 8 spell levels left.
You didn't know any spells.
Your spell library was empty.

Dungeon Overview and Level Annotations

Branches:
Dungeon (7/15)             Temple (1/1) D:5

Altars:
Ashenzari
Cheibriados
Dithmenos
Fedhas
Gozag
Hepliaklqana
Kikubaaqudgha
Makhleb
Nemelex Xobeh
Okawaru
Ru
Sif Muna
Uskayaw
Vehumet
Wu Jian
Xom
Yredelemnul
Zin
The Shining One

Shops:
D:2 [

Annotations:
D:4 2 transporters, dolemite99's ghost, amateur TrVM


Innate Abilities, Weirdness & Mutations

You are immune to sickness and miasma.
Your stone body is resilient. (AC +6)
You are immune to poison.
You resist negative energy. (rN+)
You are resistant to electric shocks. (rElec)
You are resistant to unholy torment.
You are immune to petrification.
You have supernaturally acute eyesight. (SInv)
You occasionally shout uncontrollably at your foes.


Message History

You hit the ogre.
The ogre is almost dead.
Your +0 spectral mace hits the ogre.
You kill the ogre!
Trog accepts your kill.
You have reached level 9!
Your experience leads to an increase in your attributes!
Your base attributes are Str 23, Int 8, Dex 9.
Increase (S)trength, (I)ntelligence, or (D)exterity?
You feel stronger.
You see here a sky beast corpse.
There is a stone staircase leading up here.
You climb upwards.
There is a stone staircase leading down here.
You start resting.
An ice beast comes into view.
You yell at the four-headed hydra!
An adder and a hydra come into view.
The four-headed hydra roars!
The adder hisses angrily.
As you read the scroll of identify, it crumbles to dust.
o - 3 potions of curing Your skin crawls.
You feel strong-willed.
A red film seems to cover your vision as you go berserk!
You feel yourself moving faster!
You feel mighty! The four-headed hydra misses you.
The four-headed hydra bites you but does no damage.
The four-headed hydra bites you!
* * * LOW HITPOINT WARNING * * *
The four-headed hydra bites you.
* * * LOW HITPOINT WARNING * * *
You sock the four-headed hydra!
The four-headed hydra is lightly wounded.
Your +0 spectral mace hits the four-headed hydra.
The four-headed hydra bites you!
* * * LOW HITPOINT WARNING * * *
The four-headed hydra closely misses you.
The four-headed hydra completely misses you.
The four-headed hydra bites you!
You die...

#. #)# ..# #.###Y#
#.# #.....# #.#
.....# #.##.#..# .
..# #.##.#[.# #.#.#
#S##.#..#
###.#)#####D##.#..#
#....>Y...(@##.#..#
#.#.#.########.#..#
#.#..........#..#
#.....#......)..#
.#
#####...######.##
#.# ##### #.# #.#
#.# ####.# #
#########.#
..##.#.#
#.........#


You could see a four-headed hydra, an ice beast, an adder and a friendly +0
spectral mace (summoned).

Vanquished Creatures
  A steam dragon (D:7)
  An orc warrior (D:5)
  3 black bears
  2 ogres
  A sky beast (D:7)
  2 phantoms (D:5)
  3 centaurs
  A scorpion (D:4)
  A water moccasin skeleton (D:5)
  A centaur zombie (D:6)
  A hound (D:4)
  An orc priest (D:5)
  2 centaur skeletons (D:6)
  Jessica (D:3)
  An iguana (D:5)
  2 orc wizards
  A hound zombie (D:5)
  Robin (D:3)
  3 gnolls (D:3)
  8 adders
  A white imp (D:6)
  An adder skeleton (D:4)
  2 worms (D:2)
  3 dart slugs
  14 orcs
  3 ball pythons
  6 bats
  7 endoplasms
  2 giant cockroaches
  3 hobgoblins
  2 quokkas (D:1)
  2 frilled lizards
  11 goblins
  3 kobolds
  5 rats
102 creatures vanquished.

Notes
Turn   | Place    | Note
-------+----------+-------------------------------------------
     0 | D:1      | dracfodder the Gargoyle Berserker began the quest for the
                  | Orb.
     0 | D:1      | Reached XP level 1. HP: 14/14 MP: 1/1
  1071 | D:1      | Reached XP level 2. HP: 19/19 MP: 2/2
  1780 | D:2      | Reached XP level 3. HP: 23/23 MP: 3/3
  1936 | D:2      | Reached skill level 4 in Maces & Flails
  1936 | D:2      | Found a faded altar of an unknown god.
  2364 | D:2      | Found Ettiutae's Antique Armour Shop.
  2485 | D:2      | Found a shadowy altar of Dithmenos.
  2731 | D:3      | Reached ** piety under Trog
  2853 | D:3      | Reached XP level 4. HP: 28/28 MP: 4/4
  2863 | D:3      | Noticed Jessica
  2872 | D:3      | Killed Jessica
  3186 | D:3      | Reached XP level 5. HP: 33/33 MP: 5/5
  3295 | D:3      | Noticed Robin
  3312 | D:3      | Killed Robin
  3658 | D:3      | Reached skill level 5 in Maces & Flails
  4067 | D:4      | Reached XP level 6. HP: 30/38 MP: 6/6
  4177 | D:5      | Entered Level 5 of the Dungeon
  4340 | D:4      | Gained mutation: You occasionally shout uncontrollably at
                  | your foes. [potion of mutation]
  4340 | D:4      | Gained mutation: You have supernaturally acute eyesight.
                  | (SInv) [potion of mutation]
  4469 | D:4      | Reached skill level 1 in Throwing
  4572 | D:4      | Found a transporter.
  4591 | D:4      | Found a transporter.
  4594 | D:4      | Noticed dolemite99's ghost (amateur TrVM)
  4856 | D:5      | Found a staircase to the Ecumenical Temple.
  4868 | Temple   | Entered the Ecumenical Temple
  5185 | D:5      | Reached *** piety under Trog
  5186 | D:5      | Reached skill level 6 in Maces & Flails
  5186 | D:5      | Reached XP level 7. HP: 24/44 MP: 7/7
  5426 | D:5      | Reached skill level 1 in Stealth
  5439 | D:5      | Reached skill level 7 in Maces & Flails
  5647 | D:5      | Reached XP level 8. HP: 9/48 MP: 8/8
  6113 | D:5      | Found an ornate altar of the Wu Jian Council.
  6986 | D:6      | Found a glowing golden altar of the Shining One.
  6991 | D:6      | Reached skill level 5 in Fighting
  6991 | D:6      | Reached skill level 8 in Maces & Flails
  6991 | D:6      | Reached skill level 5 in Armour
  7148 | D:7      | HP: 2/49 [ogre (11)]
  7150 | D:7      | Reached XP level 9. HP: 2/54 MP: 9/9
  7210 | D:6      | Noticed a four-headed hydra
  7215 | D:6      | HP: 4/81 [four-headed hydra (7)]
  7215 | D:6      | Slain by a four-headed hydra

Illustrated notes

Levels and vault maps discovered:
D:1:      scummos_arrival_gate, layout_basic, chequers_serial_rivers_large_b,
          minmay_misc_feat_more_columns
D:2:      layout_loops_ring, serial_shops, shop, basic_altar,
          hellmonk_ecumenical_altar_arch_garden, grunt_decor_cap
D:3:      layout_basic, uniq_jessica, uniq_robin
D:4:      layout_basic, gammafunk_ghost_stat_death
D:5:      layout_gridville, nzn_wu_jian_council_hall,
          minmay_temple_entry_butterflies, guppyfry_early_orc_mine
D:6:      layout_loops_ring, nicolae_tso_carved_into_rock, uniq_blork_the_orc
D:7:      layout_cave_pools, minitemple, minmay_nine_imps, uniq_pikel,
          uniq_crazy_yiuf_cottage
Temple:   minmay_crystal_spiral_temple

Skill      XL: |  1  2  3  4  5  6  7  8 |
---------------+-------------------------+-----
Maces & Flails | 4 5 6 7 8 |  8.5
Dodging        | 2 3 |  3.6
Fighting       | 4 5 |  5.3
Armour         | 3 4 5 |  5.6
Throwing       | 1 |  1.5
Stealth        | 1 2 |  2.1

Action                   |  1- 3 |  4- 6 |  7- 9 || total
-------------------------+-------+-------+-------++-------
Melee: Mace              |   147 |   158 |   109 ||   414
Throw: Dart              |     3 |       |       ||     3
       Boomerang         |     8 |    13 |     4 ||    25
Invok: Berserk           |     1 |     2 |     3 ||     6
       Trog's Hand       |       |       |     2 ||     2
  Use: Potion            |     2 |     1 |     1 ||     4
       Scroll            |     3 |     2 |     5 ||    10
 Stab: Sleeping          |     1 |       |       ||     1
       Distracted        |       |       |     2 ||     2
Armor: Animal skin       |    65 |       |       ||    65
       Ring mail         |     6 |   104 |    85 ||   195
Dodge: Dodged            |   126 |   113 |   110 ||   349

Table legend: (Time is in decaauts)
 A = Elapsed time spent in this place.
 B = Non-inter-level travel time spent in this place.
 C = Inter-level travel time spent in this place.
 D = Time resting spent in this place.
 E = Time spent auto-exploring this place.
 F = Levels seen in this place.
 G = Mean time per level.
                   A        B        C        D        E       F      G
               +--------+--------+--------+--------+--------+-----+--------+
         Total |   7342 |   7095 |    247 |   1149 |   4803 |   8 |  917.8 |
       Dungeon |   7128 |   6964 |    164 |   1149 |   4691 |   7 | 1018.3 |
        Temple |    214 |    131 |     83 |      0 |    112 |   1 |  214.0 |
               +--------+--------+--------+--------+--------+-----+--------+

Top non-repeatable levels by time:
     D:1: 1759 daAuts
     D:5: 1746 daAuts
     D:3: 1414 daAuts
     D:2: 935 daAuts
     D:4: 774 daAuts
     D:6: 473 daAuts
  Temple: 214 daAuts
     D:7: 24 daAuts
